General information
- name: BNet
- type: Ladder team game (AT/RT)
- host: Battle.net
- saver: Ze.Rath3isaFaig
map: Friends
- players: 8
- length: 40:02
- speed: Fast
- version: 1.24 W3XP
- replay type: Public
» download(350 KB)
Players
team 1 (loser)

»
dalrack (
teal | 56 APM | 2223 actions | 39:34)
9 Mountain King
3 Storm Bolt
3 Bash
1 Avatar
2 Thunder Clap
» actions
| Assign group hotkey | 54 | |
| Basic commands | 146 | |
| Build / train | 88 | |
| ESC pressed | 3 | |
| Enter build submenu | 26 | |
| Enter hero's abilities submenu | 9 | |
| Right click | 669 | |
| Select / deselect | 617 | |
| Select group hotkey | 508 | |
| Use ability | 103 | |
2223 total
» units
| Peasant | 17 | |
| Footman | 15 | |
| Dragonhawk Rider | 20 | |
| Gryphon Rider | 12 | |
64 total
» upgrades
| Storm Hammers | 1 | |
| Animal War Training | 1 | |
| Swords | 2 | |
| Cloud | 1 | |
5 total
» buildings
| Barracks | 1 | |
| Farm | 14 | |
| Altar of Kings | 1 | |
| Lumber Mill | 1 | |
| Keep | 1 | |
| Arcane Vault | 1 | |
| Gryphon Aviary | 3 | |
| Castle | 1 | |
| Blacksmith | 1 | |
24 total
» build order
00:09 Barracks
00:19 Farm
00:35 Altar of Kings
00:48 Farm
01:27 Lumber Mill
01:58 Farm
03:01 Keep
04:23 Farm
04:41 Farm
04:57 Arcane Vault
05:46 Gryphon Aviary
05:56 Gryphon Aviary
06:29 Castle
07:00 Blacksmith
08:32 Farm
11:23 Farm
12:41 Farm
13:11 Farm
13:46 Farm
22:18 Gryphon Aviary
23:54 Farm
24:33 Farm
25:25 Farm
27:45 Farm
» items
| Mana Stone | 1 | |
| Scroll of Regeneration | 3 | |
| Orb of Fire | 1 | |
| Scroll of Town Portal | 2 | |
7 total
chaosknight2 (
blue | 50 APM | 1963 actions | 39:38)
6 Death Knight
3 Death Coil
2 Unholy Aura
1 Animate Dead
6 Lich
3 Frost Nova
2 Dark Ritual
1 Death and Decay
» actions
| Basic commands | 182 | |
| Build / train | 80 | |
| Enter build submenu | 15 | |
| Enter hero's abilities submenu | 12 | |
| Right click | 1179 | |
| Select / deselect | 425 | |
| Use ability | 70 | |
1963 total
» units
| Acolyte | 2 | |
| Ghoul | 4 | |
| Crypt Fiend | 22 | |
| Obsidian Statue | 7 | |
| Frost Wyrm | 15 | |
| Meatwagon | 1 | |
51 total
» upgrades
| Creature Attack | 2 | |
| Creature Carapace | 2 | |
| Web | 1 | |
| Freezing Breath | 1 | |
6 total
» buildings
| Graveyard | 1 | |
| Crypt | 1 | |
| Ziggurat | 7 | |
| Altar of Darkness | 1 | |
| Nerubian Tower | 1 | |
| Tomb of Relics | 1 | |
| Halls of the Dead | 1 | |
| Spirit Tower | 2 | |
| Black Citadel | 1 | |
| Sacrificial Pit | 1 | |
| Slaughterhouse | 1 | |
| Boneyard | 2 | |
20 total
» build order
00:10 Graveyard
00:21 Crypt
00:41 Ziggurat
00:59 Altar of Darkness
01:16 Ziggurat
02:20 Nerubian Tower
02:52 Ziggurat
03:49 Tomb of Relics
05:24 Halls of the Dead
06:26 Ziggurat
07:19 Spirit Tower
09:10 Black Citadel
09:13 Sacrificial Pit
09:19 Ziggurat
09:50 Slaughterhouse
09:56 Ziggurat
10:39 Ziggurat
11:37 Boneyard
11:41 Boneyard
36:33 Spirit Tower
» items
DEATHAEM_2003 (
red | 35 APM | 1357 actions | 38:31)
4 Demon Hunter
2 Immolation
2 Evasion
» actions
| Basic commands | 1 | |
| Build / train | 69 | |
| Enter build submenu | 19 | |
| Enter hero's abilities submenu | 4 | |
| Right click | 646 | |
| Select / deselect | 522 | |
| Use ability | 96 | |
1357 total
» units
| Wisp | 22 | |
| Huntress | 8 | |
| Mountain Giant | 13 | |
| Dryad | 10 | |
53 total
» upgrades
| Strength of the Wild | 2 | |
| Reinforced Hides | 2 | |
| Abolish Magic | 1 | |
| Hardened Skin | 1 | |
| Resistant Skin | 1 | |
7 total
» buildings
| Altar of Elders | 1 | |
| Moon Well | 6 | |
| Hunter's Hall | 1 | |
| Ancient of War | 2 | |
| Tree of Ages | 1 | |
| Ancient Protector | 3 | |
| Ancient of Wonders | 2 | |
| Ancient of Lore | 4 | |
| Tree of Eternity | 1 | |
21 total
» build order
00:10 Altar of Elders
00:20 Moon Well
01:45 Hunter's Hall
01:54 Ancient of War
02:02 Ancient of War
02:14 Moon Well
02:29 Moon Well
04:47 Tree of Ages
05:10 Ancient Protector
06:04 Ancient of Wonders
07:18 Ancient of Lore
07:22 Ancient of Lore
07:34 Moon Well
08:07 Ancient Protector
08:32 Ancient Protector
09:14 Ancient of Lore
09:20 Ancient of Lore
09:47 Ancient of Wonders
13:26 Moon Well
14:01 Moon Well
21:20 Tree of Eternity
» items
telasponcho227 (
yellow | 40 APM | 1599 actions | 40:01)
7 Archmage
1 Summon Water Elemental
2 Brilliance Aura
3 Blizzard
1 Mass Teleport
7 Blood Mage
3 Flame Strike
2 Siphon Mana
1 Summon Phoenix
1 Banish
» actions
| Basic commands | 81 | |
| Build / train | 192 | |
| Enter build submenu | 49 | |
| Enter hero's abilities submenu | 14 | |
| Right click | 410 | |
| Select / deselect | 698 | |
| Use ability | 154 | |
1599 total
» units
| Peasant | 14 | |
| Rifleman | 12 | |
| Goblin Zeppelin | 1 | |
| Mortar Team | 20 | |
| Sorceress | 10 | |
| Priest | 14 | |
| Siege Engine | 13 | |
| Spell Breaker | 6 | |
| Knight | 15 | |
| Flying Machine | 17 | |
122 total
» upgrades
| Masonry | 3 | |
| Lumber Harvesting | 2 | |
| Long Rifles | 1 | |
| Priest Training | 2 | |
| Barrage | 1 | |
| Fragmentation Shards | 1 | |
| Control Magic | 1 | |
| Swords | 2 | |
| Plating | 2 | |
| Animal War Training | 1 | |
| Flak Cannons | 1 | |
| Magic Sentry | 1 | |
18 total
» buildings
| Farm | 13 | |
| Altar of Kings | 1 | |
| Blacksmith | 1 | |
| Barracks | 2 | |
| Lumber Mill | 1 | |
| Scout Tower | 23 | |
| Arcane Tower | 2 | |
| Guard Tower | 12 | |
| Keep | 1 | |
| Arcane Sanctum | 2 | |
| Workshop | 2 | |
| Castle | 1 | |
| Arcane Vault | 1 | |
| Town Hall | 1 | |
63 total
» build order
00:23 Farm
00:36 Altar of Kings
01:04 Farm
01:40 Blacksmith
01:53 Barracks
02:06 Farm
02:26 Lumber Mill
02:31 Scout Tower
02:47 Farm
02:55 Scout Tower
03:29 Arcane Tower
03:39 Farm
04:18 Farm
04:33 Scout Tower
04:58 Guard Tower
05:01 Scout Tower
05:15 Scout Tower
05:19 Keep
05:36 Guard Tower
05:58 Guard Tower
06:01 Scout Tower
06:24 Guard Tower
06:31 Arcane Tower
06:33 Farm
07:53 Arcane Sanctum
07:56 Workshop
10:09 Farm
10:55 Farm
11:41 Castle
12:44 Arcane Vault
13:28 Town Hall
14:56 Arcane Sanctum
15:36 Workshop
16:01 Scout Tower
16:04 Scout Tower
16:05 Scout Tower
16:07 Scout Tower
16:32 Guard Tower
16:34 Guard Tower
16:39 Scout Tower
16:40 Scout Tower
16:42 Scout Tower
16:43 Scout Tower
17:15 Guard Tower
19:45 Farm
20:51 Farm
21:46 Farm
22:22 Guard Tower
22:26 Scout Tower
22:28 Guard Tower
23:02 Scout Tower
23:51 Scout Tower
24:20 Scout Tower
24:25 Scout Tower
24:26 Scout Tower
24:27 Scout Tower
24:29 Scout Tower
24:30 Scout Tower
25:39 Guard Tower
31:15 Barracks
35:31 Farm
37:07 Guard Tower
37:13 Guard Tower
» items
| Scroll of Regeneration | 3 | |
| Lesser Clarity Potion | 6 | |
| Ivory Tower | 4 | |
| Scroll of Town Portal | 5 | |
| Staff of Sanctuary | 1 | |
| Potion of Mana | 1 | |
20 total
team 2 (winner)
niGhT_blOodY (
orange | 178 APM | 7143 actions | 40:02)
7 Death Knight
3 Death Coil
3 Unholy Aura
1 Animate Dead
7 Lich
3 Frost Nova
3 Dark Ritual
1 Death and Decay
» actions
| Assign group hotkey | 121 | |
| Basic commands | 616 | |
| Build / train | 124 | |
| ESC pressed | 7 | |
| Enter build submenu | 40 | |
| Enter hero's abilities submenu | 14 | |
| Remove unit from queue | 1 | |
| Right click | 2884 | |
| Select / deselect | 811 | |
| Select group hotkey | 2344 | |
| Use ability | 181 | |
7143 total
» units
| Acolyte | 32 | |
| Ghoul | 7 | |
| Crypt Fiend | 20 | |
| Goblin Zeppelin | 3 | |
| Frost Wyrm | 7 | |
| Goblin Shredder | 4 | |
73 total
» upgrades
| Web | 1 | |
| Creature Attack | 2 | |
| Ghoul Frenzy | 1 | |
4 total
» buildings
| Crypt | 4 | |
| Ziggurat | 10 | |
| Altar of Darkness | 2 | |
| Graveyard | 2 | |
| Tomb of Relics | 1 | |
| Nerubian Tower | 1 | |
| Halls of the Dead | 2 | |
| Spirit Tower | 3 | |
| Black Citadel | 2 | |
| Sacrificial Pit | 2 | |
| Boneyard | 4 | |
| Necropolis | 2 | |
35 total
» build order
00:05 Crypt
00:07 Crypt
00:10 Ziggurat
00:31 Altar of Darkness
00:48 Graveyard
01:19 Tomb of Relics
01:43 Ziggurat
03:18 Nerubian Tower
05:05 Halls of the Dead
06:22 Ziggurat
07:24 Spirit Tower
07:27 Black Citadel
07:33 Sacrificial Pit
09:27 Ziggurat
10:43 Boneyard
11:56 Necropolis
12:53 Ziggurat
23:56 Ziggurat
23:58 Ziggurat
25:07 Crypt
25:09 Graveyard
25:19 Altar of Darkness
25:20 Ziggurat
26:53 Necropolis
29:58 Crypt
31:13 Ziggurat
32:36 Spirit Tower
34:13 Halls of the Dead
34:43 Spirit Tower
35:48 Ziggurat
36:35 Black Citadel
38:25 Sacrificial Pit
39:19 Boneyard
39:26 Boneyard
39:42 Boneyard
» items
| Rod of Necromancy | 11 | |
| Dust of Appearance | 1 | |
| Scroll of Regeneration | 3 | |
| Scroll of Town Portal | 4 | |
| Orb of Corruption | 1 | |
20 total
Ze.Rath3isaFaig (
green | 89 APM | 3545 actions | 40:02)
9 Death Knight
3 Death Coil
3 Unholy Aura
1 Animate Dead
2 Death Pact
8 Dark Ranger
3 Black Arrow
3 Silence
1 Charm
1 Life Drain
» actions
| Assign group hotkey | 34 | |
| Basic commands | 972 | |
| Build / train | 84 | |
| Enter build submenu | 28 | |
| Enter hero's abilities submenu | 17 | |
| Give item / drop item | 9 | |
| Right click | 906 | |
| Select / deselect | 563 | |
| Select group hotkey | 761 | |
| Use ability | 171 | |
3545 total
» units
| Acolyte | 6 | |
| Ghoul | 6 | |
| Crypt Fiend | 6 | |
| Goblin Shredder | 1 | |
| Frost Wyrm | 11 | |
30 total
» upgrades
| Creature Attack | 2 | |
| Creature Carapace | 2 | |
| Web | 1 | |
5 total
» buildings
| Graveyard | 2 | |
| Crypt | 1 | |
| Ziggurat | 18 | |
| Altar of Darkness | 1 | |
| Tomb of Relics | 1 | |
| Nerubian Tower | 1 | |
| Halls of the Dead | 1 | |
| Black Citadel | 1 | |
| Sacrificial Pit | 1 | |
| Boneyard | 2 | |
| Spirit Tower | 4 | |
| Necropolis | 1 | |
34 total
» build order
00:20 Graveyard
00:23 Crypt
00:26 Ziggurat
00:29 Ziggurat
00:46 Altar of Darkness
01:17 Ziggurat
01:24 Tomb of Relics
01:54 Nerubian Tower
04:04 Halls of the Dead
04:27 Ziggurat
05:41 Ziggurat
07:03 Black Citadel
07:36 Sacrificial Pit
09:31 Boneyard
09:32 Boneyard
09:36 Ziggurat
10:18 Ziggurat
13:16 Spirit Tower
13:24 Spirit Tower
13:24 Spirit Tower
16:47 Ziggurat
16:48 Ziggurat
23:45 Necropolis
25:54 Ziggurat
25:55 Ziggurat
25:55 Ziggurat
25:56 Ziggurat
28:26 Graveyard
31:50 Ziggurat
34:52 Ziggurat
34:52 Ziggurat
34:53 Ziggurat
34:54 Ziggurat
» items
| Rod of Necromancy | 2 | |
| Potion of Mana | 3 | |
| Potion of Healing | 7 | |
| Scroll of Town Portal | 2 | |
| Scroll of Regeneration | 2 | |
| Orb of Fire | 1 | |
17 total
is3002002 (
purple | 56 APM | 2247 actions | 40:02)
7 Keeper of the Grove
3 Entangling Roots
2 Thorns Aura
1 Force of Nature
1 Tranquility
5 Dark Ranger
2 Black Arrow
3 Silence
» actions
| Assign group hotkey | 48 | |
| Basic commands | 44 | |
| Build / train | 106 | |
| Enter build submenu | 16 | |
| Enter hero's abilities submenu | 12 | |
| Give item / drop item | 1 | |
| Remove unit from queue | 3 | |
| Right click | 1218 | |
| Select / deselect | 304 | |
| Select group hotkey | 413 | |
| Use ability | 82 | |
2247 total
» units
| Wisp | 14 | |
| Archer | 6 | |
| Druid of the Claw | 6 | |
| Dryad | 40 | |
66 total
» upgrades
| Strength of the Wild | 3 | |
| Reinforced Hides | 3 | |
| Druid of the Claw Training | 2 | |
| Mark of the Claw | 1 | |
| Abolish Magic | 1 | |
| Ultravision | 1 | |
11 total
» buildings
| Altar of Elders | 1 | |
| Moon Well | 8 | |
| Ancient of War | 1 | |
| Ancient of Wonders | 1 | |
| Hunter's Hall | 1 | |
| Ancient Protector | 1 | |
| Tree of Ages | 1 | |
| Tree of Eternity | 1 | |
| Ancient of Lore | 2 | |
17 total
» build order
00:19 Altar of Elders
00:33 Moon Well
00:49 Ancient of War
01:40 Moon Well
02:06 Ancient of Wonders
02:37 Moon Well
03:33 Hunter's Hall
04:42 Ancient Protector
04:45 Tree of Ages
05:10 Moon Well
07:17 Tree of Eternity
07:21 Ancient of Lore
07:24 Ancient of Lore
09:13 Moon Well
10:43 Moon Well
11:34 Moon Well
13:50 Moon Well
» items
| Lesser Clarity Potion | 2 | |
| Scroll of Regeneration | 1 | |
| Scroll of Town Portal | 4 | |
| Anti-magic Potion | 1 | |
8 total

»
RedWithRage (
pink | 81 APM | 3225 actions | 40:02)
7 Archmage
3 Blizzard
3 Brilliance Aura
1 Mass Teleport
7 Blood Mage
3 Flame Strike
3 Siphon Mana
1 Summon Phoenix
6 Pit Lord
3 Rain of Fire
1 Cleaving Attack
2 Howl of Terror
» actions
| Assign group hotkey | 52 | |
| Basic commands | 106 | |
| Build / train | 136 | |
| Enter build submenu | 37 | |
| Enter hero's abilities submenu | 20 | |
| Give item / drop item | 1 | |
| Remove unit from queue | 8 | |
| Right click | 1343 | |
| Select / deselect | 545 | |
| Select group hotkey | 855 | |
| Use ability | 122 | |
3225 total
» units
| Peasant | 16 | |
| Footman | 7 | |
| Knight | 31 | |
| Spell Breaker | 5 | |
| Priest | 19 | |
78 total
» upgrades
| Plating | 3 | |
| Animal War Training | 1 | |
| Priest Training | 2 | |
| Swords | 3 | |
| Masonry | 1 | |
| Lumber Harvesting | 1 | |
11 total
» buildings
| Altar of Kings | 1 | |
| Farm | 19 | |
| Barracks | 4 | |
| Scout Tower | 10 | |
| Arcane Tower | 2 | |
| Keep | 1 | |
| Lumber Mill | 1 | |
| Castle | 1 | |
| Arcane Vault | 1 | |
| Blacksmith | 1 | |
| Arcane Sanctum | 1 | |
| Town Hall | 1 | |
| Guard Tower | 3 | |
46 total
» build order
00:09 Altar of Kings
00:23 Farm
00:26 Barracks
00:54 Farm
01:37 Scout Tower
01:49 Farm
02:05 Arcane Tower
03:04 Keep
03:36 Scout Tower
03:40 Lumber Mill
03:46 Farm
04:30 Arcane Tower
04:40 Farm
05:40 Castle
05:44 Farm
06:30 Arcane Vault
06:44 Blacksmith
07:18 Arcane Sanctum
07:26 Farm
07:31 Farm
10:39 Farm
13:38 Town Hall
16:46 Farm
16:46 Farm
19:41 Scout Tower
19:42 Scout Tower
20:20 Guard Tower
20:45 Guard Tower
22:21 Barracks
22:22 Barracks
22:49 Barracks
23:16 Farm
23:17 Farm
26:13 Farm
26:14 Farm
36:55 Scout Tower
36:56 Scout Tower
36:59 Scout Tower
37:00 Scout Tower
37:01 Scout Tower
37:02 Scout Tower
37:05 Farm
37:06 Farm
37:07 Farm
37:07 Farm
38:36 Guard Tower
» items
| Scroll of Town Portal | 4 | |
| Scroll of Regeneration | 3 | |
| Potion of Healing | 1 | |
| Orb of Venom | 1 | |
9 total
Chat log
(00:09 / Allies) Ze.Rath3isaFaig: night bloody
(00:13 / Allies) Ze.Rath3isaFaig: came tot he dark side of 4s RT eh?
(00:26 / Allies) niGhT_blOodY: i seaching 2s ... nothing
(00:39 / Allies) Ze.Rath3isaFaig: yeah a lot of high level people play 4s
(01:05 / Allies) Ze.Rath3isaFaig: team cc
(01:08 / Allies) Ze.Rath3isaFaig: rush here when ready
(02:50 / Allies) niGhT_blOodY: where pimnj
(02:52 / Allies) niGhT_blOodY: pink
(03:02 / Allies) Ze.Rath3isaFaig: well ok wolves
(03:12 / Allies) Ze.Rath3isaFaig: watcgh it
(03:17 / Allies) Ze.Rath3isaFaig: get ice tower up
(03:52 / Allies) Ze.Rath3isaFaig: lets go purple
(03:55 / Allies) is3002002: stand wit archer
(03:58 / Allies) Ze.Rath3isaFaig: team cc
(05:30 / Allies) Ze.Rath3isaFaig: purple now please
(05:46 / Allies) niGhT_blOodY: where is
(06:15 / Allies) Ze.Rath3isaFaig: shop pink
(06:48 / Allies) Ze.Rath3isaFaig: damn you won't stop creeping lol
(07:13 / Allies) is3002002: red was there
(07:13 / Allies) Ze.Rath3isaFaig: go back door
(08:03 / All) Ze.Rath3isaFaig: you just died
(08:05 / All) Ze.Rath3isaFaig: in 2 seconds red
(08:08 / All) Ze.Rath3isaFaig: how did that make u feel?
(08:45 / Allies) Ze.Rath3isaFaig: i'm out
(08:47 / Allies) Ze.Rath3isaFaig: n ocil on me...
(08:55 / Allies) Ze.Rath3isaFaig: keep me coiled bloody
(09:20 / Allies) is3002002: needed melle
(09:24 / Allies) is3002002: and we woulda won there
(09:26 / Allies) RedWithRage: knights coming
(09:28 / Allies) Ze.Rath3isaFaig: knights
(09:32 / Allies) is3002002: i got bears/dryad
(10:50 / Allies) Ze.Rath3isaFaig: still on tier 2
(11:29 / Allies) Ze.Rath3isaFaig: i'm rdy to go back
(12:28 / Allies) Ze.Rath3isaFaig: damnit
(12:29 / Allies) Ze.Rath3isaFaig: that's gay
(12:33 / Allies) is3002002: got it
(12:57 / Allies) Ze.Rath3isaFaig: meet lets go
(13:01 / Allies) Ze.Rath3isaFaig: red has easiest base to kill
(13:45 / Allies) Ze.Rath3isaFaig: wait up for purple
(14:00 / Allies) Ze.Rath3isaFaig: fuck me
(14:33 / Allies) RedWithRage: i dont have aa
(14:37 / Allies) RedWithRage: or I would tp
(15:06 / Allies) Ze.Rath3isaFaig: 100 gold please
(15:09 / Allies) is3002002: need me?
(15:10 / Allies) Ze.Rath3isaFaig: b
(15:10 / Allies) Ze.Rath3isaFaig: b
(15:14 / Allies) Ze.Rath3isaFaig: out
(15:16 / Allies) Ze.Rath3isaFaig: no aa on you
(15:38 / Allies) is3002002: come green
(15:43 / Allies) Ze.Rath3isaFaig: and end it
(15:45 / Allies) Ze.Rath3isaFaig: meet
(16:11 / Allies) Ze.Rath3isaFaig: b
(16:12 / Allies) niGhT_blOodY: gold for tp
(16:17 / Allies) Ze.Rath3isaFaig: b
(16:29 / Allies) Ze.Rath3isaFaig: see we can't hit we all need to hit
(16:35 / Allies) RedWithRage: split
(16:36 / Allies) RedWithRage: imo
(16:55 / Allies) Ze.Rath3isaFaig: lets just go front door
(16:56 / Allies) Ze.Rath3isaFaig: lets go
(17:43 / Allies) Ze.Rath3isaFaig: roar
(18:47 / Allies) niGhT_blOodY: b
(18:57 / Allies) Ze.Rath3isaFaig: out
(19:00 / Allies) Ze.Rath3isaFaig: we need ryads
(19:01 / Allies) Ze.Rath3isaFaig: no more bears
(19:03 / Allies) Ze.Rath3isaFaig: go all out dryads
(19:12 / Allies) Ze.Rath3isaFaig: grpyhs can't kill dryads
(19:53 / Allies) niGhT_blOodY: builkding haw3s
(19:53 / Allies) Ze.Rath3isaFaig: get more buildings, mass
(19:55 / Allies) niGhT_blOodY: pink
(19:59 / Allies) niGhT_blOodY: hawkds
(20:11 / Allies) Ze.Rath3isaFaig: stay back
(20:13 / Allies) Ze.Rath3isaFaig: gold me for tp please
(20:21 / Allies) niGhT_blOodY: b
(21:08 / Allies) Ze.Rath3isaFaig: amazing
(21:36 / Allies) Ze.Rath3isaFaig: how do you both ahve expos
(21:41 / Allies) Ze.Rath3isaFaig: yet me and purple made more units taht you did?
(21:54 / Allies) RedWithRage: I was melee you idiot
(22:19 / Allies) niGhT_blOodY: b
(22:48 / Allies) Ze.Rath3isaFaig: gg
(22:50 / Allies) Ze.Rath3isaFaig: what a waste of time
(24:03 / Allies) Ze.Rath3isaFaig: there you go again fighting 1v2
(24:19 / Allies) Ze.Rath3isaFaig: tp to pink
(24:20 / Allies) Ze.Rath3isaFaig: purple
(25:56 / Allies) niGhT_blOodY: use gold
(25:58 / Allies) niGhT_blOodY: man
(26:20 / Allies) Ze.Rath3isaFaig: wtf
(26:21 / Allies) Ze.Rath3isaFaig: come here
(26:32 / Allies) niGhT_blOodY: no mana
(26:46 / Allies) niGhT_blOodY: no mana
(26:46 / Allies) niGhT_blOodY: vb
(27:03 / Allies) Ze.Rath3isaFaig: b
(27:22 / Allies) Ze.Rath3isaFaig: i need
(27:53 / Allies) niGhT_blOodY: control sahre
(28:17 / Allies) Ze.Rath3isaFaig: coming
(28:51 / Allies) Ze.Rath3isaFaig: OUT
(28:56 / Allies) Ze.Rath3isaFaig: just tp next time man
(29:21 / Allies) RedWithRage: wood?
(29:34 / Allies) Ze.Rath3isaFaig: so fuckng stupid
(29:36 / Allies) Ze.Rath3isaFaig: i swear to god
(30:36 / Allies) niGhT_blOodY: knight
(30:37 / Allies) niGhT_blOodY: pink
(31:16 / Allies) Ze.Rath3isaFaig: now og hit
(31:58 / Allies) Ze.Rath3isaFaig: meet
(32:15 / Allies) Ze.Rath3isaFaig: wait up
(32:23 / Allies) Ze.Rath3isaFaig: use your elvel 6 if you can
(32:26 / Allies) Ze.Rath3isaFaig: purple when we in batle
(32:55 / All) Ze.Rath3isaFaig: rofl
(33:14 / Allies) is3002002: good thing red so bad
(33:17 / Allies) is3002002: or we wouldal ost
(34:25 / Allies) niGhT_blOodY: acolite mine
(35:01 / Allies) niGhT_blOodY: shop tp
(35:12 / Allies) Ze.Rath3isaFaig: gather here
(35:19 / Allies) Ze.Rath3isaFaig: dont g
(35:21 / Allies) Ze.Rath3isaFaig: go fron todor
(35:26 / Allies) Ze.Rath3isaFaig: reavelaing
(35:26 / Allies) Ze.Rath3isaFaig: first
(35:51 / Allies) Ze.Rath3isaFaig: THIS SDIE
(36:00 / Allies) Ze.Rath3isaFaig: WRONG SIDE
(36:02 / Allies) Ze.Rath3isaFaig: FOLLOW ME
(36:10 / Allies) Ze.Rath3isaFaig: HAVE GO
(36:11 / Allies) Ze.Rath3isaFaig: TO GO THAT WAY
(38:35 / All) Ze.Rath3isaFaig: well it's been fun, gg
(38:42 / Allies) niGhT_blOodY: i hate u 4s
(38:58 / Allies) niGhT_blOodY: don tmore search
(39:21 / Allies) is3002002: good comeback lol
(39:31 / Allies) Ze.Rath3isaFaig: gj team
(39:33 / Allies) Ze.Rath3isaFaig: you held it goether